 Dungeon Crawl Stone Soup version 0.29.0-13-gc9e81de378 (webtiles) character file.

Game seed: 17543066857216840390

8 Artool the Ducker (level 2, 22/22 HPs)
             Began as a Demonspawn Gladiator on Sept 8, 2022.
             Quit the game on level 1 of the Dungeon.
             The game lasted 00:00:25 (145 turns).

Artool the Ducker (Demonspawn Gladiator)             Turns: 145, Time: 00:00:26

Health: 22/22      AC:  4    Str: 14    XL:     2   Next: 0%
Magic:  2/2        EV: 12    Int:  9    God:
Gold:   29         SH:  0    Dex: 14    Spells: 1/1 levels left

rFire   . . .      SeeInvis .   g - +0 whip (drain)
rCold   . . .      Faith    .   (no shield)
rNeg    . . .      Spirit   .   b - +0 leather armour
rPois   .          Reflect  .   c - +0 helmet
rElec   .          Harm     .   (no cloak)
rCorr   .          Rampage  .   (no gloves)
Will    .....                   (no boots)
Stlth   +.........              (no amulet)
HPRegen 0.07/turn               (no ring)
MPRegen 0.08/turn               (no ring)

@: no status effects
A: demonic magic 1
a: no special abilities


You were on level 1 of the Dungeon.
You visited 1 branch of the dungeon, and saw 1 of its levels.

You collected 29 gold pieces.

Inventory:

Hand Weapons
 a - a +0 flail
 g - a +0 whip of draining (weapon)
Missiles
 d - 3 throwing nets (quivered)
 e - a javelin
Armour
 b - a +0 leather armour (worn)
 c - a +0 helmet (worn)
Potions
 f - a potion of might {unknown}


   Skills:
 + Level 2.2 Fighting
 + Level 2.8 Maces & Flails
 - Level 1.7 Throwing
 + Level 0.4 Armour
 + Level 2.8 Dodging


You had one spell level left.
You didn't know any spells.
Your spell library was empty.

Dungeon Overview and Level Annotations

Branches:
Dungeon (1/15)

Altars:


Innate Abilities, Weirdness & Mutations

Spells you cast may paralyse adjacent enemies.


Message History

The hobgoblin closely misses you.
You hit the hobgoblin.
You kill the hobgoblin!
The dart slug barely misses you.
You hit the dart slug but do no damage. You drain the dart slug.
The dart slug is moderately wounded.
You hit the dart slug.
The dart slug is heavily wounded.
The dart slug bites you.
You hit the dart slug.
The dart slug is severely wounded.
You hit the dart slug but do no damage. You drain the dart slug.
The dart slug is almost dead.
The dart slug launches a dart at you. The slug dart misses you.
You hit the dart slug.
You kill the dart slug!
No target in view!
No target in view!
HP restored.
You see here a dart slug corpse.
You now have 29 gold pieces (gained 5).
A bat comes into view.
The bat misses you.
You hit the bat but do no damage. The bat hits you but does no damage.
The bat closely misses you.
A bat is nearby!
You hit the bat.
You kill the bat!
A hobgoblin comes into view.
A hobgoblin is nearby!
The hobgoblin misses you.
A hobgoblin is nearby!
You hit the hobgoblin. You drain the hobgoblin.
You kill the hobgoblin!
You have reached level 2!
Your demonic ancestry asserts itself...
A menacing aura infuses your magic.
No target in view!
Are you sure you want to abandon this character and quit the game? (Confirm with "yes".)

#.# .# #.# ##.###### #.#
#....... #.# #.....# #.#
#.#.#.# ######### #.#
#..?..#
........####.###.#.#.#.#
........#.......@......#
......|.####.##...######
#...##..#.##.######
#...##..#.#.#.########
#.......#..###........
#.>.....###.#.########
#.......# #..##
#..###..# #..# #..# #..#
#..#


There were no monsters in sight!

Vanquished Creatures
  A dart slug (D:1)
  An endoplasm (D:1)
  2 hobgoblins (D:1)
  A bat (D:1)
  A frilled lizard (D:1)
6 creatures vanquished.

Notes
Turn   | Place    | Note
-------+----------+-------------------------------------------
     0 | D:1      | Artool the Demonspawn Gladiator began the quest for the
                  | Orb.
     0 | D:1      | Reached XP level 1. HP: 16/16 MP: 1/1
   145 | D:1      | Gained mutation: Spells you cast may paralyse adjacent
                  | enemies. [demonic ancestry]
   145 | D:1      | Reached XP level 2. HP: 22/22 MP: 2/2
   145 | D:1      | Quit the game

Illustrated notes

Levels and vault maps discovered:
D:1:      dpeg_arrival_boxorama, layout_loops_ring, serial_glass,
          glass_columns_a, glass_columns_a, glass_columns_a, glass_columns_a,
          minmay_strange_pillars, minmay_strange_pillars, item_on_display_a,
          dreamdust_ecumenical_altar_sealed_demon, minmay_worlds_worst_comb

Action                   || total
-------------------------++-------
Melee: Whip              ||    10
       Flail             ||     3
 Stab: Sleeping          ||     1
Armor: Leather armour    ||     2
Dodge: Dodged            ||     6
